 Dungeon Crawl Stone Soup version 0.23.1 (webtiles) character file.

Game seed: 12162479817521302279

2310 esteth the Magician (level 9, -1/65 HPs)
             Began as a Gnoll Fire Elementalist on Mar 14, 2019.
             Was a Believer of Okawaru.
             Slain by a wraith (13 damage)
             ... on level 8 of the Dungeon.
             The game lasted 00:18:51 (7339 turns).

esteth the Magician (Gnoll Fire Elementalist)       Turns: 7339, Time: 00:18:52

Health: -1/65      AC:  3    Str: 12    XL:     9   Next: 41%
Magic:  6/18       EV: 16    Int: 24    God:    Okawaru [**....]
Gold:   418        SH:  7    Dex: 15    Spells: 4/21 levels left

rFire    + . .     SeeInvis .   C - +5 dagger "Bexzoumi" {pierce, Int+4}
rCold    x . .     Gourm    .   G - +2 buckler
rNeg     . . .     Faith    .   a - +0 robe
rPois    .         Spirit   .   (no helmet)
rElec    .         Reflect  .   (no cloak)
rCorr    .         Harm     .   (no gloves)
MR       .....                  v - +0 pair of boots
Stlth    +++.......             (no amulet)
HPRegen  0.20/turn              y - ring of fire
MPRegen  0.16/turn              (no ring)

@: slowed, very slow
A: distributed training, fangs 1, strong nose
a: Heroism, Renounce Religion


You were on level 8 of the Dungeon.
You worshipped Okawaru.
Okawaru was pleased with you.
You were very hungry.

You visited 2 branches of the dungeon, and saw 9 of its levels.

You collected 418 gold pieces.

Inventory:

Hand Weapons
 d - a +0 short sword
 w - the +1 hand crossbow "Murmur" {elec, *Corrode +Fly MR+ Int+3}
   (You found it on level 5 of the Dungeon)

   It charges the ammunition it shoots with electricity; occasionally upon a
   hit, such missiles may discharge and cause terrible harm.
   It affects your intelligence (+3).
   It affects your resistance to hostile enchantments.
   It lets you fly.
   It may corrode you when you take damage.
 C - the +5 dagger "Bexzoumi" (weapon) {pierce, Int+4}
   (You found it on level 5 of the Dungeon)

   It inflicts extra damage upon your enemies.
   It affects your intelligence (+4).
Armour
 a - a +0 robe (worn)
 v - a +0 pair of boots (worn)
 G - a +2 buckler (worn)
Jewellery
 y - a ring of fire (left hand)
 A - an uncursed ring of protection from cold
Wands
 p - a wand of enslavement (10)
 r - a wand of acid (9)
 D - a wand of scattershot (4)
 K - a wand of iceblast (2)
Scrolls
 b - 2 scrolls of remove curse
 e - a scroll of enchant armour {unknown}
 f - a scroll of fear {unknown}
 i - a scroll of teleportation {unknown}
 j - 2 scrolls of magic mapping
 m - 2 scrolls of enchant weapon
 o - 3 scrolls of amnesia
 s - a scroll of random uselessness {unknown}
 t - a scroll of immolation {unknown}
 E - a scroll of silence {unknown}
 I - 3 scrolls of identify
Potions
 h - 4 potions of degeneration {unknown}
 k - 5 potions of heal wounds {unknown}
 l - 4 potions of mutation {unknown}
 n - 2 potions of flight {unknown}
 q - a potion of magic {unknown}
 u - a potion of invisibility {unknown}
 x - 2 potions of haste {unknown}
 z - 2 potions of cancellation {unknown}
 B - a potion of brilliance {unknown}
 F - a potion of berserk rage {unknown}
 J - a potion of might {unknown}
Comestibles
 c - 21 rations


   Skills:
 + Level 4.1 Fighting
 + Level 4.1 Short Blades
 + Level 4.1 Long Blades
 + Level 4.1 Axes
 + Level 4.1 Maces & Flails
 + Level 4.1 Polearms
 + Level 4.1 Staves
 + Level 4.1 Slings
 + Level 4.1 Bows
 + Level 4.1 Crossbows
 + Level 4.1 Throwing
 + Level 4.1 Armour
 + Level 6.2 Dodging
 + Level 6.0 Stealth
 + Level 4.1 Shields
 + Level 4.1 Unarmed Combat
 + Level 6.5 Spellcasting
 + Level 4.1 Conjurations
 + Level 3.4 Hexes
 + Level 3.4 Charms
 + Level 3.4 Summonings
 + Level 3.4 Necromancy
 + Level 3.4 Translocations
 + Level 3.4 Transmutations
 + Level 6.5 Fire Magic
 + Level 3.4 Ice Magic
 + Level 3.4 Air Magic
 + Level 3.4 Earth Magic
 + Level 3.4 Poison Magic
 + Level 4.5 Invocations
 + Level 4.1 Evocations


You had 4 spell levels left.
You knew the following spells:

 Your Spells              Type           Power        Failure   Level  Hunger
a - Flame Tongue          Conj/Fire      #####        1%          1    None
b - Sticky Flame          Conj/Fire      ######..     9%          4    ###....
c - Conjure Flame         Conj/Fire      ######..     2%          3    None
d - Fireball              Conj/Fire      ######....   24%         5    #####..
e - Summon Lightning Spi  Summ/Air       ###.....     19%         4    ###....

Your spell library contained the following spells:

 Spells                   Type           Power        Failure   Level  Hunger
 Summon Small Mammal      Summ           ###.         1%          1    None
 Throw Flame              Conj/Fire      ######       1%          2    None
 Call Imp                 Summ           ###.....     2%          2    None
 Inner Flame              Hex/Fire       #####...     3%          3    None
 Call Canine Familiar     Summ           ###.....     5%          3    None
 Summon Guardian Golem    Hex/Summ       ###.....     5%          3    None
 Summon Ice Beast         Ice/Summ       ###.....     19%         4    ###....


Dungeon Overview and Level Annotations

Branches:
Dungeon (8/15)             Temple (1/1) D:5
   Lair: D:8-11

Altars:
Ashenzari
Cheibriados
Dithmenos
Fedhas
Gozag
Hepliaklqana
Nemelex Xobeh
Okawaru
Qazlal
Ru
Sif Muna
Trog
Uskayaw
Vehumet
Wu Jian
Xom
Yredelemnul
Zin
The Shining One

Shops:
D:4 [   D:8 [

Annotations:
D:7 Joseph


Innate Abilities, Weirdness & Mutations

Your experience applies equally to all skills.
You have very sharp teeth.
Your uncanny sense of smell can sniff out nearby items.


Message History

Confirm with . or Enter, or press ? or * to list all spells.
Aiming: Flame Tongue (safe; 1% risk of failure)
Press: ? - help, Shift-Dir - straight line, f/p - wraith
Aim: a wraith (severely damaged)
You feel a surge of power!
The flame tongue hits the wraith but does no damage.
The wraith is severely damaged.
The wraith barely misses you.
Okay, then.
Okay, then.
Casting: Flame Tongue (safe; 1% risk of failure)
Confirm with . or Enter, or press ? or * to list all spells.
Aiming: Sticky Flame (safe; 9% risk of failure)
Press: ? - help, Shift-Dir - straight line, f/p - wraith
Aim: a wraith (severely damaged)
You feel a surge of power!
The sticky flame hits the wraith.
The wraith is almost destroyed.
You are feeling very hungry.
The wraith hits you!
You die...

#.####....# ##.......#..
########.####.##.# #.........##
...............#.######.......###
#.#.####..#.#..#..............###
#.#.# #..#.......###[#.........#
..#.# #.......#..###.#.##..###.#
###.# ##.####8#.#8#.........##.#
###.# #....###'###..#.##.......
....# ########@###....##..###.#
##### #.'W†.#........# #.#
###.###.#####......# +.'.#.#
#.###### #.###.## #.# +.+ #..# ..
#.# #..# +.+ ##.# #.# #.#


You could see a wraith.

Vanquished Creatures
  A spriggan (D:7)
  Eustachio (D:6)
  An orc warrior (D:6)
  2 ice beasts (D:5)
  An ogre (D:6)
  A necrophage (D:8)
  3 phantoms
  A centaur (D:7)
  Blork the orc (D:6)
  3 bullfrogs
  A scorpion (D:7)
  2 crimson imps
  A human zombie (D:8)
  A jelly (D:6)
  2 orc priests
  A gnoll shaman (D:5)
  2 hounds (D:6)
  A bullfrog skeleton (D:4)
  2 iguanas
  Ijyb (D:3)
  4 orc wizards
  5 worker ants
  A killer bee zombie (D:6)
  7 gnolls (D:5)
  A howler monkey skeleton (D:4)
  12 adders
  3 shadow imps
  An ooze (D:4)
  A worm (D:3)
  4 dart slugs
  2 leopard geckos
  13 orcs
  4 bats
  4 giant cockroaches
  3 goblins (D:1)
  A hobgoblin (D:1)
  5 jackals (D:4)
  7 kobolds
  3 quokkas
  A ball python (D:5)
  5 frilled lizards
  A jackal skeleton (D:6)
  A quokka zombie (D:4)
  5 rats
123 creatures vanquished.

Notes
Turn   | Place    | Note
-------+----------+-------------------------------------------
     0 | D:1      | esteth the Gnoll Fire Elementalist began the quest for the
                  | Orb.
     0 | D:1      | Reached XP level 1. HP: 13/13 MP: 6/6
   122 | D:1      | Reached XP level 2. HP: 19/19 MP: 4/7
   515 | D:1      | Reached XP level 3. HP: 25/25 MP: 9/9
   650 | D:1      | Reached skill level 5 in Spellcasting
  1167 | D:2      | Reached skill level 1 in Invocations
  1212 | D:2      | Reached skill level 1 in Fighting
  1212 | D:2      | Reached skill level 1 in Short Blades
  1212 | D:2      | Reached skill level 1 in Long Blades
  1212 | D:2      | Reached skill level 1 in Axes
  1212 | D:2      | Reached skill level 1 in Maces & Flails
  1212 | D:2      | Reached skill level 1 in Polearms
  1212 | D:2      | Reached skill level 1 in Staves
  1212 | D:2      | Reached skill level 1 in Slings
  1212 | D:2      | Reached skill level 1 in Bows
  1212 | D:2      | Reached skill level 1 in Crossbows
  1212 | D:2      | Reached skill level 1 in Throwing
  1212 | D:2      | Reached skill level 1 in Armour
  1212 | D:2      | Reached skill level 1 in Shields
  1212 | D:2      | Reached skill level 1 in Unarmed Combat
  1212 | D:2      | Reached skill level 1 in Evocations
  1212 | D:2      | Reached XP level 4. HP: 32/32 MP: 11/11
  1824 | D:3      | Learned a level 4 spell: Sticky Flame
  1828 | D:3      | Learned a level 3 spell: Conjure Flame
  2175 | D:3      | Reached skill level 1 in Hexes
  2175 | D:3      | Reached skill level 1 in Charms
  2175 | D:3      | Reached skill level 1 in Summonings
  2175 | D:3      | Reached skill level 1 in Necromancy
  2175 | D:3      | Reached skill level 1 in Translocations
  2175 | D:3      | Reached skill level 1 in Transmutations
  2175 | D:3      | Reached skill level 1 in Ice Magic
  2175 | D:3      | Reached skill level 1 in Air Magic
  2175 | D:3      | Reached skill level 1 in Earth Magic
  2175 | D:3      | Reached skill level 1 in Poison Magic
  2186 | D:3      | Reached XP level 5. HP: 13/37 MP: 2/12
  2373 | D:3      | Noticed Ijyb
  2376 | D:3      | Paralysed by Ijyb for 7 turns
  2391 | D:3      | Paralysed by Ijyb for 6 turns
  2398 | D:3      | Paralysed by Ijyb for 4 turns
  2401 | D:3      | Killed Ijyb
  2853 | D:4      | Reached XP level 6. HP: 44/44 MP: 13/13
  3099 | D:4      | Found Bymi's Armour Shop.
  3492 | D:4      | Reached skill level 5 in Dodging
  3596 | D:5      | Entered Level 5 of the Dungeon
  3605 | D:5      | Got an encrusted hand crossbow
  3638 | D:5      | Identified the +1 hand crossbow "Murmur" {elec, *Corrode
                  | +Fly MR+ Int+3} (You found it on level 5 of the Dungeon)
  3672 | D:5      | Noticed an ice beast
  3679 | D:5      | Killed an ice beast
  3679 | D:5      | Reached XP level 7. HP: 37/50 MP: 8/15
  4109 | D:5      | Found a staircase to the Ecumenical Temple.
  4116 | Temple   | Entered the Ecumenical Temple
  4215 | Temple   | Became a worshipper of Warmaster Okawaru
  4410 | D:5      | Reached skill level 5 in Stealth
  4498 | D:5      | Found a stormy altar of Qazlal.
  4535 | D:5      | Reached XP level 8. HP: 51/57 MP: 4/16
  4615 | D:5      | Found a blossoming altar of Fedhas.
  4629 | D:5      | Found a deep blue altar of Sif Muna.
  4833 | D:5      | Got a jewelled dagger
  4834 | D:5      | Identified the +5 dagger "Bexzoumi" {pierce, Int+4} (You
                  | found it on level 5 of the Dungeon)
  4843 | D:5      | Learned a level 5 spell: Fireball
  4871 | D:6      | Noticed Blork the orc
  4983 | D:6      | Noticed Eustachio
  4997 | D:6      | Killed Eustachio
  4997 | D:6      | Reached * piety under Okawaru
  5581 | D:6      | Killed Blork the orc
  5991 | D:7      | Reached XP level 9. HP: 65/65 MP: 6/18
  5997 | D:7      | Reached ** piety under Okawaru
  6247 | D:7      | Learned a level 4 spell: Summon Lightning Spire
  6442 | D:7      | Noticed Joseph
  6847 | D:8      | Found a basalt altar of Yredelemnul.
  7175 | D:8      | Found Yris's Armour Shop.
  7339 | D:8      | Slain by a wraith

Skill      XL: |  1  2  3  4  5  6  7  8  9 |
---------------+----------------------------+-----
Conjurations   | 2 3 4 |  4.1
Spellcasting   | 5 6 |  6.5
Invocations    | 1 2 3 4 |  4.5
Fighting       | 1 2 3 4 |  4.1
Short Blades   | 1 2 3 4 |  4.1
Long Blades    | 1 2 3 4 |  4.1
Axes           | 1 2 3 4 |  4.1
Maces & Flails | 1 2 3 4 |  4.1
Polearms       | 1 2 3 4 |  4.1
Staves         | 1 2 3 4 |  4.1
Slings         | 1 2 3 4 |  4.1
Bows           | 1 2 3 4 |  4.1
Crossbows      | 1 2 3 4 |  4.1
Throwing       | 1 2 3 4 |  4.1
Armour         | 1 2 3 4 |  4.1
Shields        | 1 2 3 4 |  4.1
Unarmed Combat | 1 2 3 4 |  4.1
Evocations     | 1 2 3 4 |  4.1
Hexes          | 1 2 3 |  3.4
Charms         | 1 2 3 |  3.4
Summonings     | 1 2 3 |  3.4
Necromancy     | 1 2 3 |  3.4
Translocations | 1 2 3 |  3.4
Transmutations | 1 2 3 |  3.4
Ice Magic      | 1 2 3 |  3.4
Air Magic      | 1 2 3 |  3.4
Earth Magic    | 1 2 3 |  3.4
Poison Magic   | 1 2 3 |  3.4
Dodging        | 5 6 |  6.2
Stealth        | 5 6 |  6.0
Fire Magic     | 6 |  6.5

Action                   |  1- 3 |  4- 6 |  7- 9 || total
-------------------------+-------+-------+-------++-------
Melee: Short sword       |    38 |    49 |       ||    87
       Unarmed           |     1 |       |       ||     1
       Bite              |     3 |    18 |     6 ||    27
       Dagger            |       |   112 |    99 ||   211
 Cast: Flame Tongue      |    11 |    27 |   141 ||   179
       Sticky Flame      |       |     2 |     7 ||     9
Evoke: Wand              |       |       |     1 ||     1
  Use: Potion            |       |     2 |     2 ||     4
       Scroll            |       |     6 |     2 ||     8
 Stab: Sleeping          |    13 |     6 |     7 ||    26
  Eat: Chunk             |     1 |     7 |    12 ||    20
Armor: Robe              |     3 |    22 |    16 ||    41
Dodge: Dodged            |    23 |   110 |   135 ||   268
Block: Buckler           |     1 |    18 |    57 ||    76
